 Dungeon Crawl Stone Soup version 0.20.0-15-g7f486f2 (webtiles) character file.

20 Darkell the Scratcher (level 2, 0/12 HPs)
             Began as a Felid Transmuter on June 13, 2017.
             Slain by a ball python (1 damage)
             ... on level 1 of the Dungeon.
             The game lasted 00:00:45 (715 turns).

Darkell the Scratcher (Felid Transmuter)             Turns: 715, Time: 00:00:46

Health: 0/12       AC:  1    Str:  6    XL:     2   Next: 58%
Magic:  4/6        EV: 15    Int: 14    God:
Gold:   18         SH:  0    Dex: 16    Spells: 4/5 levels left
                                        Lives:  0   Deaths: 0

rFire    . . .     SeeInvis +     - Unarmed
rCold    . . .     Gourm    .   (shield unavailable)
rNeg     . . .     Faith    .   (armour unavailable)
rPois    .         Spirit   .   (helmet unavailable)
rElec    .         Reflect  .   (cloak unavailable)
rCorr    .         Harm     .   (gloves unavailable)
MR       .....                  (boots unavailable)
Stlth    ++........             (no amulet)
Regen    0.1/turn               (no ring)
MPRegen  0.1/turn               (no ring)

@: appendage (expiring), very slightly contaminated, constricted, quick
A: no armour, no weapons or thrown items, stealth, claws 1, fangs 3, horns 2,
see invisible, carnivore 3, speed 1, shaggy fur 1, slow metabolism 1, sharp paws
a: End Transformation


You were on level 1 of the Dungeon.
You were full.
You had grown temporary horns.
You visited 1 branch of the dungeon, and saw 1 of its levels.

You collected 18 gold pieces.

Inventory:

Missiles
 a - 12 arrows
Scrolls
 d - a scroll of identify {unknown}
 e - 2 scrolls of remove curse {unknown}
Books
 b - a book of Changes

   Spells                             Type                      Level
   a - Beastly Appendage              Transmutation                1
   b - Sticks to Snakes               Transmutation                2
   c - Spider Form                    Transmutation/Poison         3
   d - Ice Form                       Ice/Transmutation            4
   e - Blade Hands                    Transmutation                5
Comestibles
 c - a meat ration


   Skills:
 + Level 1.5 Fighting
 + Level 3.3 Dodging
 + Level 3.3 Unarmed Combat
 - Level 2.0 Spellcasting
 + Level 2.2 Transmutations


You had 4 spell levels left.
You knew the following spells:

 Your Spells              Type           Power        Failure   Level  Hunger
a - Beastly Appendage     Tmut           #.....       10%         1    ##.....


Dungeon Overview and Level Annotations

Branches:
Dungeon (1/15)

Altars:


Innate Abilities, Weirdness & Mutations

You cannot wear armour.
You are incapable of wielding weapons or throwing items.
Your paws allow you to move quietly. (Stealth)
You have sharp claws.
You have razor-sharp teeth.
You have supernaturally acute eyesight. (SInv)
You are carnivorous and can eat meat at any time.
You cover ground quickly.
You are covered in fur. (AC +1)
You have a slow metabolism.
Your sharp claws are effective at attacking unaware monsters.
You have a pair of horns on your head.


Message History

The bat closely misses you.
You barely miss the bat. The bat misses you.
You scratch the bat.
The bat is moderately wounded.
Your transformation is almost over.
The bat hits you.
* * * LOW HITPOINT WARNING * * *
The bat closely misses you.
You closely miss the bat. You headbutt the bat.
You kill the bat!
You scratch the ball python.
The ball python is heavily wounded.
The ball python closely misses you. The ball python grabs you.
* * * LOW HITPOINT WARNING * * *
The ball python constricts you.
You scratch the ball python but do no damage.
You headbutt the ball python, but do no damage.
The ball python is heavily wounded.
The ball python bites you.
You die...

######...###...#
.......### ###.#
#####..# #.##
##.# #..# #.#
##.## ### #..#
##.# ###########
#.# ..........#
#@# ..........#
#S# ..........#
#h###
..........#
#hl.#
..........#
###.#
..........# #hw#
..........#
h.b.#
..........#
..$S...
..........#
.$.......


You could see a leopard gecko, 2 jackals and a ball python.

Vanquished Creatures
  A dart slug (D:1)
  A leopard gecko (D:1)
  4 bats (D:1)
  2 giant cockroaches (D:1)
  A hobgoblin (D:1)
  2 jackals (D:1)
  3 kobolds (D:1)
  A rat (D:1)
15 creatures vanquished.

Notes
Turn   | Place    | Note
-------+----------+-------------------------------------------
     0 | D:1      | Darkell the Felid Transmuter began the quest for the Orb.
     0 | D:1      | Reached XP level 1. HP: 9/9 MP: 4/4
   406 | D:1      | Reached XP level 2. HP: 10/12 MP: 6/6
   715 | D:1      | Slain by a ball python

Skill      XL: |  1 |
---------------+----+-----
Dodging        | 3 |  3.3
Fighting       | |  1.5
Unarmed Combat | |  3.3
Spellcasting   | |  2.0
Transmutations | |  2.2

Action                   || total
-------------------------++-------
Melee: Unarmed           ||    54
       Headbutt          ||     3
       Punch             ||     1
 Cast: Beastly Appendage ||     5
 Stab: Sleeping          ||     2
  Eat: Chunk             ||     3
Armor: Skin              ||     4
Dodge: Dodged            ||    47
